[ AOE2 MATCH · #495356038 ]
UnrankedChinese vs Mapuche
Player's team · WIN
Rival team · LOSS
[ REPLAY ANALYSIS · EXTRACTED FROM THE RECORDED GAME ]
Feudal
9:00
Castle
18:48
Imperial
33:47
| APM avg | 121.3 |
| APM peak | 251 |
| eAPM avg | 76.1 |
| Villagers / military | 266 / 266 |
Focus
⚔️ 70.9% · 🌾 29.1%
Fire Lancer ×128 · Chu Ko Nu ×68 · Skirmisher ×44 · Trebuchet (Packed) ×10 · Monk ×8 · Archer ×3
Feudal
8:56
Castle
19:57
Imperial
39:37
| APM avg | 69.6 |
| APM peak | 129 |
| eAPM avg | 36.1 |
| Villagers / military | 202 / 239 |
Focus
⚔️ 36.8% · 🌾 63.2%
Kona ×93 · Bolas Rider ×78 · Skirmisher ×50 · Archer ×4 · Spearman ×4 · Battering Ram ×3
Match map
Initial resources + every placement click. Lines = walls · curves = elevation contours. ◆ gold · ⬟ stone · ● berries · ✦ relic · ◌ wall gap
Your base· Open — 3t gap
TAG_Wayne's base· Open — 6t gap
Smoothed initial terrain · ◌ = detected wall gap · hover for details
Inputs per minute
— MoP - - TAG_Wayne
Build order — MoP
First 150 of 739 actions detected
| 0:42 | Queue | Villager (Male) |
| 0:43 | Queue | Villager (Male) |
| 1:07 | Queue | Villager (Male) |
| 1:07 | Queue | Villager (Male) |
| 1:33 | Queue | Villager (Male) |
| 1:33 | Queue | Villager (Male) |
| 2:02 | Queue | Villager (Male) |
| 2:02 | Queue | Villager (Male) |
| 2:14 | Build | Lumber Camp |
| 2:22 | Queue | Villager (Male) |
| 2:22 | Queue | Villager (Male) |
| 2:40 | Queue | Villager (Male) |
| 3:22 | Queue | Villager (Male) |
| 3:22 | Queue | Villager (Male) |
| 3:22 | Queue | Villager (Male) |
| 3:25 | Build | House |
| 4:06 | Queue | Villager (Male) |
| 4:31 | Queue | Villager (Male) |
| 4:31 | Queue | Villager (Male) |
| 4:35 | Queue | Villager (Male) |
| 4:36 | Queue | Villager (Male) |
| 5:12 | Build | Mill |
| 5:24 | Build | House |
| 5:37 | Queue | Villager (Male) |
| 6:22 | Build | Palisade Wall |
| 6:48 | Research | Loom |
| 6:48 | Research | Feudal Age |
| 6:48 | Research | Feudal Age |
| 7:47 | Build | Barracks |
| 8:05 | Queue | Villager (Male) |
| 8:17 | Build | House |
| 8:29 | Research | Loom |
| 8:29 | Research | Loom |
| 8:47 | Queue | Villager (Male) |
| 9:00 | Age | Feudal Age |
| 9:05 | Build | Stable |
| 9:07 | Queue | Villager (Male) |
| 9:10 | Research | Double-Bit Axe |
| 9:10 | Research | Double-Bit Axe |
| 9:11 | Research | Horse Collar |
| 9:12 | Research | Horse Collar |
| 9:21 | Build | Farm |
| 9:42 | Build | Farm |
| 9:46 | Build | House |
| 9:48 | Build | House |
| 9:58 | Queue | Scout Cavalry |
| 9:58 | Queue | Scout Cavalry |
| 10:08 | Queue | Villager (Male) |
| 10:15 | Build | Farm |
| 10:17 | Build | House |
| 10:23 | Build | Palisade Wall |
| 10:32 | Queue | Villager (Male) |
| 10:35 | Build | Farm |
| 10:50 | Build | House |
| 10:52 | Queue | Villager (Male) |
| 11:13 | Queue | Villager (Male) |
| 11:15 | Build | Farm |
| 11:17 | Build | Farm |
| 11:22 | Queue | Villager (Male) |
| 11:26 | Build | House |
| 11:31 | Build | Farm |
| 11:34 | Queue | Villager (Male) |
| 11:37 | Build | Farm |
| 12:00 | Build | House |
| 12:07 | Build | Farm |
| 12:11 | Queue | Villager (Male) |
| 12:23 | Build | Farm |
| 12:32 | Build | House |
| 12:34 | Build | Palisade Wall |
| 12:37 | Queue | Villager (Male) |
| 12:41 | Build | Palisade Gate |
| 12:44 | Build | Palisade Wall |
| 12:45 | Build | Palisade Wall |
| 13:06 | Build | Mining Camp |
| 13:22 | Build | Palisade Wall |
| 13:37 | Queue | Villager (Male) |
| 13:41 | Build | Farm |
| 13:44 | Build | Palisade Wall |
| 13:58 | Queue | Villager (Male) |
| 14:02 | Build | House |
| 14:10 | Queue | Villager (Male) |
| 14:18 | Build | Farm |
| 14:19 | Build | Farm |
| 14:36 | Queue | Villager (Male) |
| 15:01 | Build | Blacksmith |
| 15:03 | Queue | Villager (Male) |
| 15:20 | Build | Farm |
| 16:08 | Research | Castle Age |
| 16:09 | Research | Castle Age |
| 16:16 | Build | Archery Range |
| 16:36 | Research | Gold Mining |
| 16:36 | Research | Gold Mining |
| 16:43 | Research | Fletching |
| 17:10 | Queue | Skirmisher |
| 17:10 | Queue | Skirmisher |
| 17:14 | Build | Archery Range |
| 17:33 | Queue | Skirmisher |
| 17:33 | Queue | Skirmisher |
| 17:35 | Research | Padded Archer Armor |
| 17:57 | Queue | Skirmisher |
| 17:57 | Queue | Skirmisher |
| 18:11 | Queue | Skirmisher |
| 18:11 | Queue | Skirmisher |
| 18:46 | Queue | Skirmisher |
| 18:46 | Queue | Skirmisher |
| 18:48 | Age | Castle Age |
| 18:51 | Research | Bodkin Arrow |
| 18:53 | Queue | Villager (Male) |
| 19:01 | Build | Town Center |
| 19:02 | Queue | Archer |
| 19:03 | Queue | Archer |
| 19:08 | Research | Bow Saw |
| 19:09 | Research | Bow Saw |
| 19:09 | Research | Bow Saw |
| 19:21 | Queue | Villager (Male) |
| 19:29 | Queue | Skirmisher |
| 19:29 | Queue | Skirmisher |
| 19:43 | Queue | Villager (Male) |
| 19:48 | Research | Elite Skirmisher (upgrade) |
| 19:48 | Research | Elite Skirmisher (upgrade) |
| 19:49 | Queue | Villager (Male) |
| 20:04 | Queue | Skirmisher |
| 20:04 | Queue | Skirmisher |
| 20:12 | Build | Palisade Wall |
| 20:14 | Queue | Villager (Male) |
| 20:14 | Queue | Villager (Male) |
| 20:16 | Queue | Archer |
| 20:25 | Queue | Villager (Male) |
| 20:25 | Queue | Villager (Male) |
| 20:33 | Queue | Villager (Male) |
| 20:38 | Queue | Skirmisher |
| 20:39 | Queue | Skirmisher |
| 20:49 | Build | University |
| 20:59 | Queue | Villager (Male) |
| 20:59 | Queue | Villager (Male) |
| 21:00 | Queue | Skirmisher |
| 21:01 | Queue | Skirmisher |
| 21:07 | Build | Palisade Wall |
| 21:10 | Queue | Villager (Male) |
| 21:10 | Queue | Villager (Male) |
| 21:19 | Queue | Skirmisher |
| 21:20 | Queue | Skirmisher |
| 21:33 | Build | Farm |
| 21:33 | Queue | Villager (Male) |
| 21:33 | Queue | Villager (Male) |
| 21:34 | Queue | Villager (Male) |
| 21:42 | Queue | Villager (Male) |
| 21:42 | Queue | Villager (Male) |
| 21:50 | Research | Ballistics |
| 21:50 | Research | Ballistics |
Build order — TAG_Wayne
First 150 of 676 actions detected
| 0:01 | Queue | Villager (Male) |
| 0:01 | Queue | Villager (Male) |
| 0:01 | Queue | Villager (Male) |
| 0:02 | Build | House |
| 0:04 | Build | House |
| 0:38 | Queue | Villager (Male) |
| 1:30 | Queue | Villager (Male) |
| 1:30 | Queue | Villager (Male) |
| 1:50 | Queue | Villager (Male) |
| 2:16 | Queue | Villager (Male) |
| 2:16 | Queue | Villager (Male) |
| 2:43 | Queue | Villager (Male) |
| 2:43 | Queue | Villager (Male) |
| 3:26 | Queue | Villager (Male) |
| 3:26 | Queue | Villager (Male) |
| 3:52 | Build | Settlement |
| 3:59 | Queue | Villager (Male) |
| 4:14 | Queue | Villager (Male) |
| 4:49 | Queue | Villager (Male) |
| 5:05 | Queue | Villager (Male) |
| 5:23 | Queue | Villager (Male) |
| 5:37 | Queue | Villager (Male) |
| 6:01 | Build | Settlement |
| 6:10 | Research | Loom |
| 6:44 | Research | Feudal Age |
| 6:45 | Research | Feudal Age |
| 6:45 | Research | Feudal Age |
| 7:23 | Build | Palisade Wall |
| 7:48 | Build | Barracks |
| 8:02 | Build | House |
| 8:05 | Build | Palisade Wall |
| 8:08 | Queue | Villager (Male) |
| 8:46 | Queue | Villager (Male) |
| 8:56 | Age | Feudal Age |
| 9:00 | Queue | Spearman |
| 9:03 | Research | Double-Bit Axe |
| 9:03 | Research | Double-Bit Axe |
| 9:25 | Queue | Spearman |
| 9:30 | Queue | Villager (Male) |
| 9:35 | Queue | Spearman |
| 9:41 | Research | Horse Collar |
| 9:41 | Research | Horse Collar |
| 9:47 | Build | House |
| 9:51 | Build | Palisade Wall |
| 9:52 | Build | Palisade Wall |
| 9:54 | Build | Palisade Wall |
| 10:05 | Queue | Villager (Male) |
| 10:10 | Build | Palisade Wall |
| 10:15 | Queue | Spearman |
| 10:23 | Build | Farm |
| 10:28 | Build | Farm |
| 10:35 | Build | Farm |
| 10:36 | Queue | Villager (Male) |
| 10:48 | Build | House |
| 10:49 | Build | Palisade Wall |
| 10:54 | Build | Farm |
| 11:00 | Queue | Villager (Male) |
| 11:14 | Build | Farm |
| 11:20 | Build | Farm |
| 11:29 | Queue | Villager (Male) |
| 11:50 | Build | Archery Range |
| 11:53 | Queue | Villager (Male) |
| 12:01 | Build | House |
| 12:02 | Build | Palisade Wall |
| 12:05 | Build | Palisade Wall |
| 12:06 | Build | Palisade Wall |
| 12:07 | Build | Palisade Wall |
| 12:09 | Build | Palisade Wall |
| 12:13 | Queue | Villager (Male) |
| 12:21 | Build | Farm |
| 12:28 | Queue | Villager (Male) |
| 12:51 | Build | Farm |
| 13:05 | Build | Settlement |
| 13:14 | Queue | Villager (Male) |
| 13:40 | Queue | Villager (Male) |
| 13:43 | Build | House |
| 13:45 | Build | Palisade Wall |
| 13:51 | Queue | Villager (Male) |
| 14:00 | Queue | Villager (Male) |
| 14:06 | Build | Blacksmith |
| 14:26 | Queue | Villager (Male) |
| 14:28 | Queue | Skirmisher |
| 14:28 | Queue | Skirmisher |
| 14:35 | Build | House |
| 14:38 | Build | Palisade Wall |
| 15:02 | Build | House |
| 15:03 | Queue | Villager (Male) |
| 15:07 | Build | Palisade Wall |
| 15:10 | Build | Palisade Gate |
| 15:20 | Build | Farm |
| 15:31 | Build | Farm |
| 15:37 | Build | Farm |
| 15:39 | Queue | Villager (Male) |
| 15:47 | Build | Palisade Wall |
| 15:50 | Build | Farm |
| 15:58 | Build | Farm |
| 16:07 | Build | Farm |
| 16:14 | Build | Farm |
| 16:17 | Queue | Villager (Male) |
| 16:47 | Queue | Villager (Male) |
| 17:03 | Build | Archery Range |
| 17:17 | Research | Castle Age |
| 17:49 | Research | Fletching |
| 17:50 | Research | Fletching |
| 18:02 | Build | Farm |
| 18:14 | Research | Gold Mining |
| 18:15 | Research | Gold Mining |
| 18:15 | Research | Gold Mining |
| 18:24 | Build | House |
| 18:26 | Build | Palisade Wall |
| 18:28 | Build | House |
| 18:43 | Queue | Villager (Male) |
| 19:06 | Build | Farm |
| 19:28 | Build | Farm |
| 19:29 | Queue | Villager (Male) |
| 19:57 | Age | Castle Age |
| 19:58 | Queue | Bolas Rider |
| 19:59 | Queue | Bolas Rider |
| 20:01 | Research | Bow Saw |
| 20:01 | Research | Bow Saw |
| 20:01 | Research | Bow Saw |
| 20:16 | Queue | Villager (Male) |
| 20:18 | Build | Town Center |
| 20:26 | Queue | Villager (Male) |
| 20:31 | Build | House |
| 20:32 | Build | House |
| 20:33 | Build | House |
| 20:36 | Queue | Bolas Rider |
| 20:36 | Queue | Bolas Rider |
| 20:39 | Queue | Villager (Male) |
| 20:49 | Research | Bodkin Arrow |
| 20:51 | Queue | Bolas Rider |
| 20:51 | Queue | Bolas Rider |
| 20:57 | Queue | Villager (Male) |
| 21:01 | Build | House |
| 21:06 | Queue | Bolas Rider |
| 21:06 | Queue | Bolas Rider |
| 21:40 | Queue | Bolas Rider |
| 21:41 | Queue | Bolas Rider |
| 21:44 | Queue | Villager (Male) |
| 21:45 | Queue | Villager (Male) |
| 21:57 | Queue | Villager (Male) |
| 21:57 | Queue | Villager (Male) |
| 21:57 | Queue | Villager (Male) |
| 22:07 | Queue | Villager (Male) |
| 22:20 | Queue | Villager (Male) |
| 22:22 | Build | Farm |
| 22:24 | Build | Farm |
| 22:32 | Queue | Villager (Male) |
| 22:36 | Build | Farm |
Match timeline
| 6:22 | MoP · wall_segment Palisade Wall x1 |
| 7:23 | TAG_Wayne · wall_segment Palisade Wall x7 |
| 7:47 | MoP · first_building Barracks |
| 7:48 | TAG_Wayne · first_building Barracks |
| 8:05 | TAG_Wayne · wall_segment Palisade Wall x2 |
| 8:56 | TAG_Wayne · age_up feudal |
| 9:00 | MoP · age_up feudal |
| 9:05 | MoP · first_building Stable |
| 9:51 | TAG_Wayne · wall_segment Palisade Wall x1 |
| 9:52 | TAG_Wayne · wall_segment Palisade Wall x1 |
| 9:54 | TAG_Wayne · wall_segment Palisade Wall x1 |
| 10:10 | TAG_Wayne · wall_segment Palisade Wall x4 |
| 10:23 | MoP · wall_segment Palisade Wall x7 |
| 10:49 | TAG_Wayne · wall_segment Palisade Wall x1 |
| 11:50 | TAG_Wayne · first_building Archery Range |
| 12:02 | TAG_Wayne · wall_segment Palisade Wall x1 |
| 12:05 | TAG_Wayne · wall_segment Palisade Wall x1 |
| 12:06 | TAG_Wayne · wall_segment Palisade Wall x1 |
| 12:07 | TAG_Wayne · wall_segment Palisade Wall x1 |
| 12:09 | TAG_Wayne · wall_segment Palisade Wall x1 |
| 12:34 | MoP · wall_segment Palisade Wall x12 |
| 12:44 | MoP · wall_segment Palisade Wall x1 |
| 12:45 | MoP · wall_segment Palisade Wall x2 |
| 13:22 | MoP · wall_segment Palisade Wall x6 |
| 13:44 | MoP · wall_segment Palisade Wall x6 |
| 13:45 | TAG_Wayne · wall_segment Palisade Wall x8 |
| 14:38 | TAG_Wayne · wall_segment Palisade Wall x11 |
| 15:07 | TAG_Wayne · wall_segment Palisade Wall x8 |
| 15:47 | TAG_Wayne · wall_segment Palisade Wall x1 |
| 16:16 | MoP · first_building Archery Range |
| 18:26 | TAG_Wayne · wall_segment Palisade Wall x1 |
| 18:48 | MoP · age_up castle |
| 19:57 | TAG_Wayne · age_up castle |
| 20:12 | MoP · wall_segment Palisade Wall x1 |
| 21:07 | MoP · wall_segment Palisade Wall x1 |
| 23:30 | TAG_Wayne · first_building Siege Workshop |
| 25:38 | MoP · first_building Monastery |
| 26:00 | TAG_Wayne · wall_segment Palisade Wall x1 |
| 26:34 | TAG_Wayne · first_building Castle |
| 28:07 | TAG_Wayne · first_building Monastery |
| 30:45 | MoP · first_building Castle |
| 31:07 | MoP · first_market_buy 100 stone |
| 32:24 | TAG_Wayne · first_market_sell 100 wood |
| 32:31 | TAG_Wayne · first_market_buy 100 wood |
| 33:47 | MoP · age_up imperial |
| 33:58 | MoP · first_market_sell 100 wood |
| 35:35 | MoP · wall_segment Palisade Wall x1 |
| 35:39 | MoP · wall_segment Stone Wall x2 |
| 35:45 | MoP · wall_segment Stone Wall x1 |
| 39:37 | TAG_Wayne · age_up imperial |
| 52:20 | TAG_Wayne · resign |
[ AI ANALYSIS · 1 CREDIT ]
What really happened in this match?
Wolo.gg analyzes every decision: build order, eco, micro, common mistakes by bracket. Personalized analysis on WhatsApp or Discord in 30 seconds.
Civ guide
Chinese
Perfil
MoP